Map: Kairos Junction LE

Players

LiquidSnute (Snute) - Winner!

  • Race: Zerg Zerg
  • League: Grandmaster
  • Spawn Location: 5:00

Armani

  • Race: Zerg Zerg
  • Spawn Location: 11:00

Event: 2019 Assembly Summer

VOD

Have the link to the VOD?

Description

Time

  • Played on: Aug. 1, 2019, 7:22 a.m.
  • Length: 10:00

All games in this series

Show
View Real Time Build Order
Export as new Build Order

LiquidSnute Zerg - Winner!

Build Orders: Pool First 

Get SALT Encoding   

  12  0:00  Drone  
  13  0:12  Overlord  
  13  0:16  Drone  
  14  0:30  Drone x2  
  14  0:34  Drone  
  17  0:37  Extractor  
  16  0:44  Drone  
  16  0:49  Spawning Pool  
  16  0:55  Drone  
  17  1:15  Hatchery  
  16  1:19  Drone  
  17  1:36  Queen  
  17  1:37  Metabolic Boost  
  19  1:42  Zergling x2  
  19  1:45  Zergling x2  
  21  1:52  Zergling x2  
  22  1:57  Zergling x2, Extractor  
  23  2:05  Baneling Nest  
  21  2:15  Zergling x4  
  21  2:27  Zergling x4  
  21  2:40  Zergling x4  
  23  2:45  Zergling x6  
  26  2:57  Zergling x2  
  27  2:59  Overlord  
  27  3:01  Baneling x2  
  27  3:04  Baneling  
  27  3:19  Zergling x6  
  29  3:21  Baneling x2  
  29  3:30  Zergling x4  
  27  3:36  Zergling x4  
  27  3:46  Drone x2  
  27  3:49  Drone  
  27  3:52  Drone  
  27  3:57  Drone  
  27  4:00  Drone  
  29  4:04  Baneling  
  29  4:06  Drone  
  29  4:09  Drone  
  31  4:13  Drone  
  32  4:21  Baneling  
  32  4:22  Overlord  
  32  4:30  Drone x2  
  32  4:31  Drone x2  
  36  4:43  Drone x2  
  36  4:44  Queen  
  40  4:48  Overlord  
  40  4:49  Drone  
  40  4:52  Extractor  
  40  4:55  Drone x2  
  40  4:57  Drone  
  43  5:10  Roach Warren  
  43  5:12  Drone x4  
  45  5:35  Hatchery  
  44  5:38  Overlord  
  44  5:51  Roach x4  
  44  5:55  Overlord  
  52  5:58  Roach x4  
  52  5:59  Overlord  
  60  6:10  Lair  
  60  6:13  Overlord  
  60  6:15  Drone x3  
  63  6:19  Evolution Chamber  
  63  6:20  Drone  
  63  6:25  Drone  
  64  6:28  Drone x3  
  64  6:29  Extractor  
  64  6:30  Drone  
  67  6:33  Ravager x3  
  67  6:35  Drone x2  
  67  6:37  Drone  
  67  6:39  Drone  
  74  6:44  Overlord  
  74  6:50  Drone x2  
  76  7:07  Zerg Missile Weapons Level 1  
  76  7:08  Overlord  
  76  7:09  Glial Reconstitution  
  76  7:11  Drone x4  
  76  7:13  Extractor  
  79  7:21  Roach x3  
  85  7:24  Overlord x2  
  85  7:28  Roach x2  
  88  7:35  Roach x2  
  92  7:41  Queen  
  92  7:44  Roach x3  
  92  7:45  Roach  
  92  7:49  Roach  
  92  7:50  Extractor  
  101  8:00  Overlord  
  101  8:01  Roach x6  
  101  8:05  Roach  
  115  8:12  Roach  
  117  8:16  Roach x2  
  117  8:17  Overlord x3  
  121  8:23  Roach x4  
  129  8:28  Overlord  
  129  8:29  Overlord  
  129  8:35  Ravager  
  129  8:37  Roach x4  
  129  8:40  Ravager  
  139  8:43  Ravager  
  140  8:48  Roach x3  
  140  8:53  Roach x2  
  140  8:55  Roach  
  152  8:58  Roach x2  
  155  9:04  Roach x2  
  141  9:20  Roach  
  141  9:21  Roach x6  
  139  9:27  Roach x3  
  137  9:36  Drone x3  
  140  9:42  Drone x4  
Show
View Real Time Build Order
Export as new Build Order

Armani Zerg 

Build Orders: Pool First 

Get SALT Encoding   

  12  0:17  Spawning Pool  
  11  0:21  Drone  
  11  0:27  Drone  
  13  0:31  Drone  
  14  0:40  Overlord  
  14  1:04  Zergling x4  
  16  1:05  Zergling x2  
  17  1:15  Hatchery  
  17  1:17  Zergling x2  
  17  1:27  Zergling x2  
  18  1:33  Queen  
  18  1:39  Zergling x2  
  21  1:48  Overlord  
  21  2:01  Drone  
  22  2:10  Drone  
  22  2:12  Queen  
  25  2:22  Drone  
  25  2:28  Drone  
  26  2:30  Drone  
  26  2:33  Queen  
  25  2:38  Zergling x2  
  25  2:42  Zergling x6  
  28  2:55  Spine Crawler  
  28  2:57  Queen  
  29  3:03  Drone  
  29  3:05  Drone  
  31  3:06  Drone  
  31  3:08  Zergling x2  
  33  3:18  Spine Crawler  
  28  3:25  Zergling x6  
  30  3:38  Zergling x2  
  30  3:39  Zergling x6  
  23  3:49  Queen  
  23  4:05  Drone x2  
  25  4:14  Drone  
  25  4:18  Queen  
  25  4:21  Drone  
  28  4:33  Overlord  
  28  4:37  Drone  
  29  4:44  Drone  
  29  4:45  Drone x3  
  33  4:50  Overlord  
  33  4:53  Drone  
  33  4:59  Drone x2  
  36  5:03  Drone  
  37  5:08  Drone  
  37  5:10  Drone  
  37  5:12  Extractor x2  
  37  5:13  Drone  
  38  5:19  Drone x3  
  41  5:22  Drone  
  41  5:23  Drone  
  41  5:26  Drone  
  41  5:27  Drone  
  45  5:32  Drone x2  
  46  5:36  Drone  
  47  5:43  Roach Warren  
  47  5:45  Evolution Chamber  
  47  5:48  Drone x2  
  47  5:54  Drone x3  
  50  5:58  Lair  
  50  6:01  Extractor  
  50  6:03  Overlord  
  49  6:06  Drone  
  49  6:07  Drone  
  49  6:10  Overlord  
  51  6:13  Overlord  
  50  6:18  Spine Crawler  
  50  6:22  Roach  
  50  6:23  Roach  
  53  6:28  Roach x2  
  53  6:30  Roach  
  59  6:34  Roach x2  
  63  6:41  Roach x2  
  67  6:48  Zerg Missile Weapons Level 1  
  67  6:50  Overlord  
  67  6:51  Drone x2  
  67  6:52  Overlord  
  69  7:05  Drone  
  70  7:11  Drone x2  
  72  7:17  Drone  
  72  7:18  Hatchery, Spire  
  72  7:19  Extractor  
  72  7:21  Overlord  
  72  7:22  Overseer  
  70  7:27  Drone x2  
  70  7:32  Glial Reconstitution  
  70  7:46  Hatchery  
  69  8:16  Drone x3  
  69  8:17  Drone x2  
  69  8:18  Overlord  
  69  8:19  Drone x2  
  76  8:29  Mutalisk  
  76  8:30  Mutalisk x5  
  76  8:34  Roach, Spine Crawler x2  
  87  8:35  Overlord x2  
  87  8:38  Roach  
  89  8:42  Roach  
  89  8:47  Queen x2  
  95  8:48  Overlord  
  95  8:53  Roach  
  97  8:57  Roach x4  
  97  8:59  Queen  
  97  9:02  Roach x2  
  95  9:17  Roach  
  95  9:18  Roach x4  
  95  9:23  Roach x2  
  95  9:24  Roach Warren  
  93  9:26  Mutalisk  
  87  9:35  Mutalisk  
  71  9:40  Zergling x8  
Tags
 
Add a new tag
Caveats
  • Supply blocks, unpowered buildings, or Contaminate may cause inaccurate times.
  • Supply counts are checked every 10 seconds.